 Dungeon Crawl Stone Soup version 0.22.1-2-g9c5b331383 (webtiles) character file.

358 Revguard the Covered (level 6, -3/53 HPs)
             Began as a Minotaur Fighter on Dec 11, 2018.
             Slain by a raiju (9 damage)
             ... on level 1 of the Abyss.
             The game lasted 00:10:27 (2853 turns).

Revguard the Covered (Minotaur Fighter)             Turns: 2853, Time: 00:10:28

Health: -3/53      AC:  9    Str: 22    XL:     6   Next: 37%
Magic:  5/5        EV:  4    Int:  5    God:
Gold:   149        SH:  8    Dex: 10    Spells: 5/5 levels left

rFire    . . .     SeeInvis +   a - +0 long sword
rCold    . . .     Gourm    .   c - +0 shield
rNeg     . . .     Faith    .   y - +0 chain mail
rPois    .         Spirit   .   (helmet restricted)
rElec    .         Reflect  .   i - +0 cloak
rCorr    .         Harm     .   (no gloves)
MR       .....                  (no boots)
Stlth    ..........             (no amulet)
HPRegen  0.17/turn              u - ring of see invisible
MPRegen  0.09/turn              (no ring)

@: about to teleport, very heavily drained
A: retaliatory headbutt, horns 2
a: no special abilities


You were on level 1 of the Abyss.
You were hungry.

You visited 1 branch of the dungeon, and saw 4 of its levels.
You visited the Abyss 1 time.

You collected 149 gold pieces.

Inventory:

Hand Weapons
 a - a +0 long sword (weapon)
Armour
 c - a +0 shield (worn)
 i - a +0 cloak (worn)
 y - a +0 chain mail (worn)
Jewellery
 e - an uncursed amulet of faith
 u - a ring of see invisible (left hand)
Wands
 v - a wand of iceblast (7)
 A - a wand of scattershot (3)
Scrolls
 h - 3 scrolls of identify
 l - a scroll of teleportation
 m - 3 scrolls of amnesia {unknown}
 o - a scroll of fear {unknown}
 q - 2 scrolls of noise {unknown}
 s - a scroll of remove curse {unknown}
 t - 2 scrolls of fog {unknown}
 w - a scroll of blinking
 z - a scroll of immolation {unknown}
Potions
 b - a potion of heal wounds {unknown}
 d - 2 potions of might
 g - a potion of flight
 j - a potion of degeneration
 k - 2 potions of curing
 n - a potion of haste
 p - a potion of brilliance
 r - a potion of resistance
Comestibles
 f - 8 rations


   Skills:
 + Level 4.6(0.4) Fighting
 + Level 4.4(0.2) Long Blades
 + Level 5.5(1.2) Armour
 + Level 1.8(0.0) Dodging
 + Level 5.3(1.0) Shields


You had 5 spell levels left.
You didn't know any spells.
Your spell library was empty.

Dungeon Overview and Level Annotations

Branches:
Dungeon (4/15)
 Temple: D:4-7

Altars:
The Shining One


Innate Abilities, Weirdness & Mutations

You reflexively headbutt those who attack you in melee.
You have a pair of horns on your head.


Message History

The raiju barks!
You hear a bark!
The raiju bursts into living lightning!
The living lightning hits the raiju.
The raiju completely resists.
The living lightning hits you!
The raiju blinks!
You hear a bark!
You miss the raiju. Your headbutt misses the raiju.
A raiju comes into view.
The raiju bites you.
* * * LOW HITPOINT WARNING * * *
The raiju shocks you!
* * * LOW HITPOINT WARNING * * *
The raiju bites you but does no damage. You block the raiju's attack.
As you read the scroll of teleportation, it crumbles to dust.
You feel strangely unstable.
You feel the power of the Abyss delaying your translocation!
The raiju bites you but does no damage. You block the raiju's attack.
The raiju bites you.
* * * LOW HITPOINT WARNING * * *
The raiju shocks you!
You die...

## . #
##.≈≈≈..###
## #.#
#.##.≈..≈...
#
#.##......##
# #...##...#
#...#X#...###
#####........
###.....###
#..h......#
#.#..@.....#
#..#h....###
##.[h....#
####.#.##
##§.## .#..§#
. . .. #
§.##§


You could see a large abomination and 3 raiju.

Vanquished Creatures
  A scorpion (D:4)
  An orc priest (D:4)
  Ijyb (D:4)
  2 orc wizards (D:4)
  2 worker ants (D:4)
  6 adders
  An ooze (D:1)
  A worm (D:2)
  2 dart slugs
  A leopard gecko (D:2)
  13 orcs (D:4)
  5 giant cockroaches
  9 goblins
  9 hobgoblins
  2 quokkas
  A ball python (D:2)
  8 bats
  8 frilled lizards
  9 kobolds
  A leopard gecko skeleton (D:4)
  4 rats
87 creatures vanquished.

Notes
Turn   | Place    | Note
-------+----------+-------------------------------------------
     0 | D:1      | Revguard the Minotaur Fighter began the quest for the Orb.
     0 | D:1      | Reached XP level 1. HP: 19/19 MP: 0/0
    61 | D:1      | Found a glowing golden altar of the Shining One.
   120 | D:1      | Reached XP level 2. HP: 27/27 MP: 1/1
   563 | D:1      | Reached XP level 3. HP: 33/33 MP: 2/2
  1557 | D:3      | Reached XP level 4. HP: 31/40 MP: 3/3
  2233 | D:4      | Noticed Ijyb
  2293 | D:4      | Reached skill level 1 in Dodging
  2293 | D:4      | Reached XP level 5. HP: 40/47 MP: 4/4
  2327 | D:4      | Reached skill level 5 in Shields
  2505 | D:4      | Reached XP level 6. HP: 45/53 MP: 5/5
  2541 | D:4      | Killed Ijyb
  2541 | D:4      | Reached skill level 5 in Armour
  2781 | D:4      | Cast into level 1 of the Abyss (orc wizard)
  2811 | Abyss:1  | Noticed a large abomination
  2846 | Abyss:1  | Noticed a raiju
  2849 | Abyss:1  | Noticed a raiju
  2851 | Abyss:1  | Noticed a raiju
  2853 | Abyss:1  | Slain by a raiju

Skill      XL: |  1  2  3  4  5  6 |
---------------+-------------------+-----
Shields        | 4 5 |  5.3
Fighting       | 4 |  4.6
Armour         | 4 5 |  5.5
Long Blades    | 3 4 |  4.4
Dodging        | 1 |  1.8

Action                   |  1- 3 |  4- 6 || total
-------------------------+-------+-------++-------
Melee: Long sword        |   114 |   134 ||   248
       Headbutt          |    15 |    18 ||    33
Evoke: Wand              |       |     1 ||     1
  Use: Scroll            |     7 |     2 ||     9
  Eat: Chunk             |     1 |     5 ||     6
Armor: Scale mail        |    63 |    49 ||   112
       Chain mail        |       |    36 ||    36
Dodge: Dodged            |    30 |    29 ||    59
Block: Shield            |    61 |   102 ||   163
       Rpst.: Long sword |     6 |     7 ||    13
